AoeStats
← Victor Kenny

Arena

510316925Analyzed
2v2 RM · 15h ago on Sep 30, 2026· 35m 21s· 4 players
Game mode
Random Map
Map size
Medium (4 player)
Population
200
Speed
Normal
Resources
Standard
Victory
Conquest
Starting age
Dark Age
Ending age
Imperial Age
RankedLock teamsTeams togetherTeam positionsShared explorationLock speedFull tech treeHidden civsTurbo modeCheats
Victory
Defeat
🇭🇰 Ethiopians · Hong Kong SAR China
1514
+14
🇭🇰 Gurjaras · Hong Kong SAR China
1514
+14
🇨🇳 Italians · China
1478
-14
🇨🇳 Vietnamese · China
1467
-14
TheHong
9:56 Feudal Age
10:03 Feudal Age
11:17 Double-Bit Axe
14:12 Castle Age
15:12 Bow Saw
19:01 Loom
30:35 Horse Collar
32:03 Heavy Plow
35:03 Wheelbarrow
KamL
10:01 Feudal Age
13:45 Castle Age
11:36 Double-Bit Axe
11:58 Horse Collar
15:59 Loom
22:34 Redemption
24:26 Wheelbarrow
24:33 Bow Saw
27:15 Hand Cart
30:39 Imperial Age
28:14 Fletching
29:08 Ballistics
29:00 Fortified Wall
28:34 Treadmill Crane
29:00 Bodkin Arrow
29:39 Padded Archer Armor
30:17 Thumb Ring
30:37 Town Watch
31:34 Leather Archer Armor
31:37 Bracer
33:09 Chemistry
33:40 Ring Archer Armor
33:48 Conscription
33:18 Elite Skirmisher
33:25 Elite Genoese Crossbowman
Victor Kenny
9:33 Feudal Age
13:32 Castle Age
11:18 Loom
11:39 Double-Bit Axe
21:00 Wheelbarrow
23:09 Light Cavalry
27:17 Hand Cart
30:17 Imperial Age
28:38 Bloodlines
28:29 Town Watch
29:46 Bow Saw
29:22 Horse Collar
29:55 Scale Barding Armor
30:09 Gold Mining
30:10 Stone Mining
30:59 Chain Barding Armor
30:50 Forging
31:36 Heavy Camel Rider
34:07 Scale Mail Armor
34:57 Plate Barding Armor
35:03 Husbandry
Harry Peter
10:01 Feudal Age
10:43 Double-Bit Axe
13:17 Fletching
14:42 Padded Archer Armor
21:02 Castle Age
21:05 Crossbowman
21:41 Bodkin Arrow
21:53 Horse Collar
22:04 Gold Mining
24:10 Heavy Plow
24:26 Bow Saw
25:44 Wheelbarrow
24:54 Town Watch
25:22 Loom
27:17 Gold Shaft Mining
31:06 Imperial Age
28:46 Stone Mining
30:25 Heavy Plow
32:05 Leather Archer Armor
31:30 Arbalester
32:11 Bracer
33:19 Chemistry
32:53 Ballistics
33:45 Ring Archer Armor
36:50 Two-Man Saw
Connection lost

Rejoining the realm…

Still unreachable

The connection could not be restored.

Session expired

The server has moved on; the page needs a fresh start.